Map: Honorgrounds LE

Players

carLinGoZ - Winner!

  • Race: Zerg Zerg
  • League: Diamond
  • Spawn Location: 5:00

Musumeci

  • Race: Zerg Zerg
  • League: Diamond
  • Spawn Location: 11:00

VOD

Have the link to the VOD?

Description

Time

  • Played on: April 2, 2017, 4:21 p.m.
  • Length: 7:48
Show
View Real Time Build Order
Export as new Build Order

carLinGoZ Zerg - Winner!

Build Orders: Hatch First 

Get SALT Encoding   

  12  0:00  Drone  
  13  0:14  Overlord  
  13  0:19  Drone  
  14  0:32  Drone x2  
  16  0:36  Drone  
  17  0:55  Hatchery  
  16  0:57  Drone  
  16  1:01  Drone  
  16  1:03  Extractor  
  17  1:17  Spawning Pool  
  16  1:20  Drone  
  17  1:25  Drone  
  18  1:34  Drone  
  19  1:41  Overlord  
  19  1:51  Drone  
  20  2:04  Metabolic Boost  
  20  2:05  Queen  
  22  2:08  Queen  
  22  2:13  Zergling x2  
  26  2:15  Zergling x2  
  26  2:20  Zergling x2  
  27  2:23  Drone  
  27  2:25  Drone  
  27  2:29  Drone  
  30  2:35  Baneling Nest  
  29  2:38  Drone  
  30  2:46  Drone x2  
  30  2:50  Drone  
  33  3:06  Hatchery  
  32  3:18  Zergling x12  
  35  3:21  Zergling x2  
  36  3:27  Overlord  
  36  3:30  Overlord  
  36  3:54  Drone x2  
  38  3:55  Zergling x2  
  38  3:56  Zergling x14  
  38  3:58  Zergling x2  
  38  3:59  Zergling x2  
  48  4:05  Baneling x3  
  48  4:11  Baneling  
  48  4:14  Zergling x4  
  49  4:21  Zergling x6  
  50  4:28  Overlord  
  50  4:32  Overlord  
  50  4:38  Queen  
  47  4:45  Zergling x2  
  47  4:46  Zergling x12  
  54  4:57  Zergling x2  
  54  4:58  Zergling x8  
  57  5:06  Zergling x6  
  57  5:18  Zergling x10  
  61  5:28  Zergling x12  
  65  5:38  Overlord x2  
  65  5:42  Baneling x5  
  65  5:47  Baneling x2  
  65  5:48  Baneling x3  
  65  5:50  Baneling  
  65  6:04  Zergling x14  
  68  6:15  Baneling x4  
  62  6:29  Zergling x6  
  62  6:30  Zergling x12  
  68  6:44  Zergling x8  
  65  6:52  Zergling x2  
  65  6:53  Zergling x2  
  65  6:57  Baneling x8  
  65  6:58  Baneling x2  
  65  6:59  Zergling x2  
  66  7:06  Zergling x6  
  66  7:22  Zergling x18  
Show
View Real Time Build Order
Export as new Build Order

Musumeci Zerg 

Build Orders: Hatch First 

Get SALT Encoding   

  12  0:00  Drone  
  13  0:08  Drone  
  14  0:19  Overlord  
  14  0:25  Drone, Extractor  
  15  0:38  Drone x2  
  17  0:53  Hatchery  
  17  0:57  Drone  
  17  1:12  Spawning Pool  
  17  1:13  Extractor  
  17  1:16  Drone  
  16  1:20  Drone  
  17  1:30  Drone x2  
  19  1:37  Overlord  
  19  1:49  Drone  
  20  1:58  Queen  
  20  1:59  Drone  
  23  2:04  Queen  
  23  2:06  Zergling x2  
  26  2:13  Drone  
  27  2:16  Metabolic Boost  
  27  2:20  Drone  
  28  2:24  Drone  
  28  2:27  Drone  
  30  2:31  Drone  
  31  2:38  Baneling Nest  
  30  2:45  Queen  
  30  2:48  Zergling x2  
  33  2:55  Drone  
  33  2:56  Drone x2  
  34  3:23  Zergling x4  
  36  3:39  Overlord  
  36  3:41  Overlord  
  36  3:43  Hatchery  
  36  3:45  Baneling  
  36  3:46  Baneling  
  34  4:12  Zergling x24  
  34  4:15  Baneling x2  
  45  4:25  Baneling  
  44  4:47  Zergling x6  
  44  4:48  Zergling x8  
  51  4:55  Baneling x2  
  49  5:17  Baneling x2  
  49  5:18  Zergling x2  
  49  5:19  Zergling x16  
  53  5:24  Baneling x2  
  52  5:29  Zergling x10  
  57  5:40  Baneling x2  
  56  5:51  Baneling  
  56  5:52  Baneling x3  
  56  6:01  Baneling x2  
  52  6:27  Queen  
  52  6:28  Drone  
  52  6:29  Drone x3  
  52  6:50  Baneling x2  
  52  6:52  Baneling x2  
  52  7:07  Baneling x2  
  52  7:08  Baneling  
  51  7:23  Zergling x14  
Tags
 
Add a new tag
Caveats
  • Supply blocks, unpowered buildings, or Contaminate may cause inaccurate times.
  • Supply counts are checked every 10 seconds.